 Dungeon Crawl Stone Soup version 0.23-a0-370-gf497b7c (webtiles) character file.

229 Gorice the Skirmisher (level 5, 0/44 HPs)
             Began as a Demonspawn Wanderer on Oct 24, 2018.
             Succumbed to a scorpion's poison
             ... on level 4 of the Dungeon.
             The game lasted 00:09:46 (4067 turns).

Gorice the Skirmisher (Demonspawn Wanderer)         Turns: 4067, Time: 00:09:47

Health: 0/44       AC:  9    Str: 14    XL:     5   Next: 71%
Magic:  11/11      EV: 10    Int: 14    God:
Gold:   159        SH:  4    Dex: 22    Spells: 12/12 levels left

rFire    . . .     SeeInvis .   a - +0 spear (pierce)
rCold    . . .     Gourm    .   g - +0 buckler
rNeg     . . .     Faith    .   q - +1 chain mail
rPois    .         Spirit   .   (no helmet)
rElec    .         Reflect  .   (no cloak)
rCorr    .         Harm     .   (no gloves)
MR       .....                  (no boots)
Stlth    ..........             (no amulet)
HPRegen  0.14/turn              k - +6 ring of dexterity
MPRegen  0.12/turn              h - ring of wizardry

@: agile, lethally poisoned (0 -> -4)
A: foul stench 1, rot immunity
a: no special abilities


You were on level 4 of the Dungeon.
You were not hungry.

You visited 1 branch of the dungeon, and saw 4 of its levels.

You collected 159 gold pieces.

Inventory:

Hand Weapons
 a - a +0 spear of piercing (weapon)
   (You found it on level 1 of the Dungeon)
 b - a +0 hunting sling
 d - a +0 club
 e - a +0 whip
Missiles
 r - 21 sling bullets
 Y - 201 stones (quivered)
 Z - a throwing net {!f}
Armour
 g - a +0 buckler (worn)
 q - a +1 chain mail (worn)
Jewellery
 h - a ring of wizardry (right hand)
 k - a +6 ring of dexterity (left hand)
Potions
 i - a potion of heal wounds {unknown}
 n - a potion of agility {!q}
 o - 2 potions of degeneration {unknown}
 p - a potion of lignification {unknown}
Comestibles
 c - 2 chunks of flesh
 f - 6 rations


   Skills:
 + Level 5.0 Fighting
 - Level 1.0 Throwing
 + Level 2.0 Armour
 - Level 1.0 Stealth
 - Level 4.0 Spellcasting
   Level 1.0 Charms
   Level 1.1 Necromancy
   Level 1.0 Transmutations
   Level 1.0 Earth Magic


You had 12 spell levels left.
You didn't know any spells.
Your spell library contained the following spells:

 Spells                   Type           Power        Failure   Level  Hunger
 Sandblast                Erth           #.....       89%         1    None
 Passwall                 Tmut/Erth      #.......     96%         2    ##.....
 Swiftness                Chrm/Air       #.......     98%         2    ##.....
 Poisonous Vapours        Pois/Air       #.....       99%         2    ##.....
 Stone Arrow              Conj/Erth      #.....       100%        3    ###....
 Petrify                  Tmut/Erth      #.......     100%        4    ####...
 Lee's Rapid Deconstruct  Erth           #.........   100%        5    ######.


Dungeon Overview and Level Annotations

Branches:
Dungeon (4/15)
 Temple: D:4-7

Altars:
Ashenzari
Nemelex Xobeh
Qazlal
Sif Muna
Yredelemnul


Innate Abilities, Weirdness & Mutations

You may emit foul miasma when damaged in melee.
You are immune to rotting.


Message History

The scorpion stings you but does no damage.
You hit the scorpion.
The scorpion is heavily wounded.
The scorpion stings you but does no damage.
You closely miss the scorpion.
The scorpion is heavily wounded.
The scorpion stings you but does no damage.
You hit the scorpion but do no damage.
The scorpion is heavily wounded.
The scorpion stings you but does no damage.
You hit the scorpion but do no damage.
The scorpion is heavily wounded.
The scorpion stings you but does no damage.
The scorpion stings you.
* * * LOW HITPOINT WARNING * * *
Damage: 1 (max 6)
You hit the scorpion.
The scorpion is severely wounded.
The scorpion stings you but does no damage.
You hit the scorpion but do no damage.
The scorpion is severely wounded.
The scorpion barely misses you.
You hit the scorpion but do no damage.
The scorpion is severely wounded.
The scorpion stings you.
* * * LOW HITPOINT WARNING * * *
You are poisoned.
The scorpion poisons you!
Damage: 1 (max 6)
Your chain mail prevents you from hitting the scorpion.
The scorpion is severely wounded.
You feel sick. You block the scorpion's attack.
Damage: 1 (max 6) Unknown command.
You hit the scorpion but do no damage.
The scorpion is severely wounded.
You feel sick. The scorpion stings you.
* * * LOW HITPOINT WARNING * * *
Damage: 3 (max 6) Unknown command.
Unknown command.
You barely miss the scorpion.
The scorpion is severely wounded.
The scorpion stings you!
* * * LOW HITPOINT WARNING * * *
Damage: 6 (max 6) Unknown command.
You hit the scorpion.
The scorpion is severely wounded.
You die...

_..... # .⌠.$. #.#
.. .... ##.##.#
... #.....# .. .
#....# .# .#
####....###s#..#
#.........@....##
#.................
#........$....###.
####...#.##.#.#
#...#.# ##.#
##...#.# #
#...##.# ##.#.##.#
########.......#


You could see a scorpion.

Vanquished Creatures
  A centaur skeleton (D:4)
  2 orc wizards (D:3)
  2 worker ants (D:4)
  2 adders
  3 dart slugs
  3 worms
  2 leopard geckos
  2 orcs (D:3)
  A ball python (D:2)
  10 bats
  2 giant cockroaches
  13 goblins
  4 hobgoblins
  4 jackals (D:2)
  2 quokkas (D:3)
  5 frilled lizards
  10 kobolds
  8 rats
76 creatures vanquished.

Notes
Turn   | Place    | Note
-------+----------+-------------------------------------------
     0 | D:1      | Gorice the Demonspawn Wanderer began the quest for the Orb.
     0 | D:1      | Gorice set off with: a +0 robe, a +0 club, a ration
     0 | D:1      | Reached XP level 1. HP: 13/13 MP: 5/5
   252 | D:1      | HP: 3/14 [dart slug (3)]
   253 | D:1      | Reached skill level 1 in Fighting
   547 | D:1      | Gained mutation: You are immune to rotting. [demonic
                  | ancestry]
   547 | D:1      | Reached XP level 2. HP: 18/22 MP: 7/7
   797 | D:1      | Reached skill level 2 in Fighting
  1366 | D:2      | Found a basalt altar of Yredelemnul.
  1377 | D:2      | HP: 6/23 [jackal (3)]
  1385 | D:2      | Gained mutation: You may emit foul miasma when damaged in
                  | melee. [demonic ancestry]
  1385 | D:2      | Reached XP level 3. HP: 8/28 MP: 8/8
  1465 | D:2      | HP: 8/28 [goblin (2)]
  1689 | D:2      | Found a stormy altar of Qazlal.
  1690 | D:2      | Noticed an air elemental
  1744 | D:2      | Noticed an earth elemental
  1752 | D:2      | Reached skill level 3 in Fighting
  1753 | D:2      | Noticed a water elemental
  1754 | D:2      | Noticed a fire elemental
  2394 | D:2      | Found a deep blue altar of Sif Muna.
  2549 | D:2      | Reached XP level 4. HP: 32/37 MP: 10/10
  2736 | D:3      | Found a deep blue altar of Sif Muna.
  2744 | D:3      | Found a shattered altar of Ashenzari.
  2839 | D:3      | Reached skill level 4 in Fighting
  3677 | D:3      | Reached XP level 5. HP: 25/43 MP: 11/11
  3683 | D:3      | Reached skill level 1 in Armour
  3772 | D:4      | HP: 12/43 [poisoned by a worker ant]
  3774 | D:4      | HP: 4/43 [poisoned by a worker ant]
  4021 | D:4      | Reached skill level 5 in Fighting
  4021 | D:4      | Reached skill level 2 in Armour
  4041 | D:4      | Found a sparkling altar of Nemelex Xobeh.
  4052 | D:4      | HP: 13/44 [poisoned by a scorpion]
  4053 | D:4      | HP: 6/44 [poisoned by a scorpion]
  4060 | D:4      | HP: 12/44 [scorpion (1)]
  4065 | D:4      | HP: 9/44 [poisoned by a scorpion]
  4066 | D:4      | HP: 1/44 [scorpion (7)]
  4067 | D:4      | Succumbed to a scorpion's poison

Vault maps used:
D:1:      zelgadis_glass_arrival_small, minmay_tripent
D:2:      lemuel_coloured_pillars_altar, lemuel_crystal_altar, first_ration,
          minmay_hedge_maze, nicolae_qazlal_style_of_elements
D:3:      minmay_door_path, nicolae_overflow_crystal_walls, led_sif_book
D:4:      lemuel_round_altar, nemelex_xobeh_ov_fountains_minmay, st_stairs_11,
          nemelex_spade_bored_becter, uniq_crazy_yiuf_cottage

Skill      XL: |  1  2  3  4  5 |
---------------+----------------+-----
Fighting       | 1 2 3 4 5 |  5.0
Armour         | 2 |  2.0
Throwing       | |  1.0
Stealth        | |  1.0
Spellcasting   | |  4.0
Charms         | |  1.0
Necromancy     | |  1.1
Transmutations | |  1.0
Earth Magic    | |  1.0

Action                   |  1- 3 |  4- 6 || total
-------------------------+-------+-------++-------
Melee: Club              |    46 |       ||    46
       Spear             |   138 |   141 ||   279
       Whip              |     2 |       ||     2
 Fire: Hunting sling     |       |     7 ||     7
Throw: Stone             |     4 |       ||     4
  Use: Scroll            |       |     7 ||     7
       Potion            |       |     3 ||     3
 Stab: Sleeping          |     8 |     5 ||    13
  Eat: Chunk             |     5 |     5 ||    10
Armor: Robe              |    34 |     6 ||    40
       Ring mail         |       |     6 ||     6
       Chain mail        |       |    15 ||    15
Dodge: Dodged            |    82 |    46 ||   128
Block: Buckler           |    16 |    10 ||    26

Table legend:
 A = Non-vault XP
 B = Vault XP
 C = Vault XP percentage of total XP
 D = Non-vault monster count
 E = Vault monster count
 F = Vault count percentage of total count
                 A         B        C        D         E       F
            +---------+---------+-------+---------+---------+-------
      Total |     246 |      82 |  25.0 |      68 |       8 |  10.5
            +---------+---------+-------+---------+---------+-------
        D:1 |      32 |       3 |   8.6 |      19 |       2 |   9.5
        D:2 |      65 |       0 |   0.0 |      27 |       0 |   0.0
        D:3 |      41 |      79 |  65.8 |      19 |       6 |  24.0
        D:4 |     108 |       0 |   0.0 |       3 |       0 |   0.0
            +---------+---------+-------+---------+---------+-------

Table legend:
 A = Turns spent in this place as a percentage of turns spent in the entire game.
 B = Non-inter-level travel turns spent in this place as a percentage of non-inter-level travel turns spent in the entire game.
 C = Inter-level travel turns spent in this place as a percentage of turns spent in this place.
 D = Turns resting spent in this place as a percentage of non-inter-level travel turns spent in this place.
 E = Turns spent auto-exploring this place as a percentage of non-inter-level travel turns spent in this place.
 F = Non-inter-level travel turns spent in this place divided by the number of levels of this place that you've seen.
                   A       B       C       D       E      F
               +-------+-------+-------+-------+-------+----------------------
         Total | 100.0 | 100.0 |   1.4 |  34.5 |  37.2 | 1002.5
       Dungeon | 100.0 | 100.0 |   1.4 |  34.5 |  37.2 | 1002.5
               +-------+-------+-------+-------+-------+----------------------

Vault maps used:
D:1:      zelgadis_glass_arrival_small, minmay_tripent
D:2:      lemuel_coloured_pillars_altar, lemuel_crystal_altar, first_ration,
          minmay_hedge_maze, nicolae_qazlal_style_of_elements
D:3:      minmay_door_path, nicolae_overflow_crystal_walls, led_sif_book
D:4:      lemuel_round_altar, nemelex_xobeh_ov_fountains_minmay, st_stairs_11,
          nemelex_spade_bored_becter, uniq_crazy_yiuf_cottage
